 Dungeon Crawl Stone Soup version 0.21-a0-279-g6037ffb (webtiles) character file.

54 MirrMurr the Skirmisher (level 4, -3/29 HPs)
             Began as a Kobold Berserker on Sept 24, 2017.
             Was a Believer of Trog.
             Slain by Sigmund
             ... wielding a +0 scythe
              (12 damage)
             ... on level 2 of the Dungeon.
             The game lasted 00:02:47 (1183 turns).

MirrMurr the Skirmisher (Kobold Berserker)          Turns: 1183, Time: 00:02:48

Health: -3/29      AC:  6    Str: 15    XL:     4   Next: 12%
Magic:  4/4        EV: 13    Int:  8    God:    Trog [**....]
Gold:   46         SH:  0    Dex: 14    Spells: 3/3 levels left

rFire    . . .     SeeInvis .   a - +0 spear
rCold    . . .     Gourm    .   (shield restricted)
rNeg     . . .     Faith    .   e - +0 scale mail
rPois    .         Spirit   .   (no helmet)
rElec    .         Reflect  .   (no cloak)
rCorr    .         Harm     .   (no gloves)
MR       .....                  (no boots)
Stlth    ..........             (no amulet)
HPRegen  0.09/turn              (no ring)
MPRegen  0.09/turn              (no ring)

@: berserk cooldown, slowed, very slow
A: carnivore 3
a: Berserk, Trog's Hand, Burn Spellbooks, Renounce Religion


You were on level 2 of the Dungeon.
You worshipped Trog.
Trog was pleased with you.
You were very full.

You visited 1 branch of the dungeon, and saw 2 of its levels.

You collected 46 gold pieces.

Inventory:

Hand Weapons
 a - a +0 spear (weapon)
Missiles
 b - 36 stones (quivered)
 h - 8 sling bullets
Armour
 e - a +0 scale mail (worn)
Jewellery
 k - an uncursed ring of flight {unknown}
Scrolls
 d - a scroll of remove curse {unknown}
 g - a scroll of random uselessness {unknown}
 m - a scroll of recharging {unknown}
Potions
 i - 2 potions of resistance {unknown}
 j - 2 potions of invisibility {unknown}
Comestibles
 c - a meat ration
 f - a royal jelly
 l - a chunk of flesh


   Skills:
 + Level 4.0 Fighting
 * Level 3.0 Polearms
 - Level 1.5 Armour
 + Level 3.2 Dodging


You had 3 spell levels left.
You didn't know any spells.

Dungeon Overview and Level Annotations

Branches:
Dungeon (2/15)

Altars:
Okawaru

Annotations:
D:2 2 transporters, Sigmund


Innate Abilities, Weirdness & Mutations

You are small and have problems with some larger weapons.
You are carnivorous and can eat meat at any time.


Message History

You miss something. Something hits you.
* * * LOW HITPOINT WARNING * * *
You barely miss something. You puncture something!
You hear some strange, mumbled words.
Something tries to affect you, but you resist.
You puncture something! You closely miss something.
Something hits you but does no damage.
You closely miss something. You hit something. You closely miss something.
You are no longer berserk.
You are exhausted.
You feel yourself slow down. Something barely misses you.
You barely miss something. Something hits you but does no damage.
You hit something.
You hear some strange, mumbled words.
Something tries to affect you, but you resist.
You barely miss something. Something hits you!
You die...

...©#.########.#
....#............. .. .
$...#.##.#######.#..#.#
...l#.##.# #.#..#.##
..8##.##.# #........
####..##.# #.#..#.#
.....###.#######......#.
.###........#...........
# #..##.##.#.$.@{....#
####..##.##..#.##.....#
............###.......#
####..##.##..# ####.###
#.).##.##.#[# .#
#.#.......#.# #
###....###... #
.....##.#.### ###.......


There were no monsters in sight!

Vanquished Creatures
  Natasha (D:2)
  An ooze (D:1)
  3 goblins (D:1)
  5 hobgoblins (D:1)
  7 bats (D:1)
  4 frilled lizards (D:1)
  3 kobolds
  4 rats
28 creatures vanquished.

Notes
Turn   | Place    | Note
-------+----------+-------------------------------------------
     0 | D:1      | MirrMurr the Kobold Berserker began the quest for the Orb.
     0 | D:1      | Reached XP level 1. HP: 14/14 MP: 1/1
    18 | D:1      | Reached XP level 2. HP: 13/19 MP: 2/2
   519 | D:1      | Reached XP level 3. HP: 23/23 MP: 3/3
   654 | D:1      | Reached ** piety under Trog
  1085 | D:2      | Noticed Natasha
  1090 | D:2      | Killed Natasha
  1090 | D:2      | Reached skill level 4 in Fighting
  1090 | D:2      | Reached XP level 4. HP: 23/29 MP: 4/4
  1142 | D:2      | Found a transporter.
  1145 | D:2      | Found a transporter.
  1145 | D:2      | Found an iron altar of Okawaru.
  1145 | D:2      | Noticed a steam dragon
  1163 | D:2      | Noticed Sigmund
  1183 | D:2      | Slain by Sigmund

Vault maps used:
D:1:      dpeg_arrival_long_road
D:2:      gammafunk_temple_overflow_arena, first_bread, grunt_decor_arrowhead,
          st_stairs_7, minmay_randomly_rotated_circles, uniq_robin,
          uniq_sigmund, uniq_terence, uniq_natasha

Skill      XL: |  1  2  3 |
---------------+----------+-----
Dodging        | 3 |  3.2
Fighting       | 4 |  4.0
Polearms       | 3 |  3.0
Armour         | |  1.5

Action                   |  1- 3 |  4- 6 || total
-------------------------+-------+-------++-------
Melee: Spear             |   105 |    19 ||   124
Invok: Berserk           |       |     1 ||     1
  Eat: Chunk             |     9 |       ||     9
Armor: Animal skin       |     7 |       ||     7
       Scale mail        |    19 |     3 ||    22
Dodge: Dodged            |    57 |     2 ||    59

Table legend:
 A = Spawn XP
 B = Non-spawn XP
 C = Spawn XP percentage of total XP
 D = Spawn monster count
 E = Non-spawn monster count
 F = Spawn count percentage of total count
 G = Total turns spent on level
                    A         B        C        D         E        F      G
               +---------+---------+-------+---------+---------+-------+---------
         Total |       0 |      78 |   0.0 |       0 |      28 |   0.0 |  1183
               +---------+---------+-------+---------+---------+-------+---------
           D:1 |       0 |      41 |   0.0 |       0 |      24 |   0.0 |  1054
           D:2 |       0 |      37 |   0.0 |       0 |       4 |   0.0 |   129
               +---------+---------+-------+---------+---------+-------+---------
